Map: Deathaura LE

Players

TLHarstem (Harstem)

  • Race: Protoss Protoss
  • Spawn Location: 5:00

maru - Winner!

  • Race: Terran Terran
  • Spawn Location: 11:00

Event: ASUS ROG Online 2020

VOD

Have the link to the VOD?

Description

Time

  • Played on: Nov. 28, 2020, 7:35 a.m.
  • Length: 15:33

All games in this series

Show
View Real Time Build Order
Export as new Build Order

TLHarstem Protoss 

Build Orders: Phoenix Opening 

Get SALT Encoding   

  12  0:08  Pylon  
  12  0:12  Probe  
  13  0:26  Gateway  
  13  0:30  Probe (Chrono Boost)  
  14  0:41  Assimilator, Probe (Chrono Boost)  
  15  0:45  Probe (Chrono Boost)  
  16  0:50  Assimilator  
  16  0:56  Probe  
  17  1:08  Probe  
  18  1:13  Cybernetics Core  
  18  1:20  Probe  
  19  1:31  Pylon  
  20  1:32  Probe  
  20  1:45  Probe  
  21  1:48  Adept (Chrono Boost)  
  21  1:51  Stargate  
  23  2:01  Shield Battery, Probe  
  24  2:10  Adept  
  24  2:14  Probe  
  27  2:20  Pylon  
  27  2:25  Void Ray (Chrono Boost)  
  31  2:51  Pylon  
  31  2:55  Void Ray  
  34  3:21  Probe  
  35  3:33  Nexus  
  35  3:38  Phoenix (Chrono Boost)  
  37  3:42  Probe  
  37  3:54  Probe  
  38  3:56  Phoenix (Chrono Boost)  
  38  3:59  Adept  
  41  4:18  Probe  
  41  4:20  Phoenix  
  44  4:29  Pylon  
  44  4:30  Probe  
  43  4:34  Warp Gate  
  43  4:45  Phoenix  
  43  4:52  Probe (Chrono Boost)  
  44  4:59  Probe (Chrono Boost)  
  45  5:02  Probe (Chrono Boost)  
  45  5:06  Probe (Chrono Boost)  
  47  5:10  Phoenix  
  47  5:13  Probe (Chrono Boost), Stargate  
  50  5:17  Probe (Chrono Boost)  
  51  5:24  Probe (Chrono Boost)  
  51  5:25  Probe (Chrono Boost)  
  53  5:32  Probe (Chrono Boost)  
  53  5:35  Robotics Facility  
  55  5:36  Assimilator  
  55  5:38  Assimilator  
  55  5:40  Probe (Chrono Boost)  
  55  5:42  Phoenix (Chrono Boost)  
  58  5:47  Probe (Chrono Boost)  
  58  5:48  Pylon, Probe (Chrono Boost)  
  59  6:01  Probe  
  59  6:02  Probe  
  63  6:06  Phoenix (Chrono Boost)  
  63  6:14  Probe x2  
  67  6:20  Shield Battery  
  65  6:26  Probe x2  
  65  6:28  Robotics Bay  
  65  6:29  Zealot  
  69  6:39  Gateway  
  70  6:42  Pylon  
  70  6:45  Pylon  
  69  6:49  Probe  
  70  6:56  Pylon  
  70  7:03  Immortal (Chrono Boost), Probe x2  
  70  7:05  Sentry  
  70  7:06  Pylon  
  78  7:15  Probe x2  
  80  7:18  Pylon  
  80  7:27  Probe x2, Nexus  
  82  7:35  Colossus (Chrono Boost)  
  88  7:37  Extended Thermal Lance (Chrono Boost), Pylon  
  88  7:43  Sentry  
  90  7:44  Probe  
  90  7:45  Probe  
  92  7:54  Forge  
  92  7:55  Phoenix  
  92  7:57  Probe  
  96  7:58  Probe  
  96  8:08  Shield Battery  
  96  8:09  Probe  
  96  8:10  Probe  
  98  8:18  Pylon  
  98  8:20  Phoenix, Colossus (Chrono Boost)  
  98  8:21  Probe  
  107  8:30  Twilight Council  
  107  8:36  Protoss Ground Weapons Level 1  
  107  8:38  Probe  
  107  8:40  Gateway  
  108  8:48  Shield Battery  
  106  8:57  Gateway  
  106  9:00  Colossus (Chrono Boost)  
  106  9:01  Gateway  
  106  9:02  Assimilator  
  112  9:04  Charge (Chrono Boost)  
  112  9:07  Assimilator  
  112  9:11  Zealot x2  
  112  9:15  Probe  
  117  9:19  Phoenix  
  117  9:22  Templar Archives  
  119  9:25  Gateway  
  118  9:31  Shield Battery  
  114  9:40  Stalker x3  
  114  9:44  Disruptor (Chrono Boost)  
  120  9:51  Shield Battery  
  120  9:52  Phoenix (Chrono Boost)  
  123  9:53  Pylon  
  123  9:57  Gateway  
  123  9:58  Zealot x2  
  129  10:01  Pylon  
  125  10:13  Probe  
  126  10:19  High Templar x2  
  126  10:20  High Templar  
  130  10:23  Zealot x2  
  130  10:24  High Templar  
  130  10:26  Nexus  
  130  10:28  Pylon, Probe  
  137  10:30  Archon  
  137  10:33  Archon  
  135  10:38  Disruptor (Chrono Boost)  
  135  10:42  Probe  
  138  10:52  Zealot x6  
  150  10:57  Probe, Protoss Ground Weapons Level 2 (Chrono Boost)  
  145  11:04  Pylon  
  145  11:07  Pylon  
  145  11:08  Pylon  
  145  11:10  Disruptor (Chrono Boost)  
  148  11:18  Forge  
  148  11:19  Blink (Chrono Boost)  
  148  11:20  Gateway, Pylon  
  144  11:27  Probe  
  144  11:29  Stalker  
  144  11:30  High Templar, Robotics Facility  
  149  11:35  Photon Cannon  
  149  11:38  High Templar  
  149  11:39  Zealot  
  153  11:42  Probe (Chrono Boost)  
  153  11:43  Probe (Chrono Boost)  
  153  11:46  Archon  
  157  11:48  Probe (Chrono Boost)  
  157  11:49  Probe (Chrono Boost)  
  157  11:51  Pylon  
  157  11:52  Probe (Chrono Boost)  
  158  11:55  Disruptor (Chrono Boost)  
  158  11:56  Probe (Chrono Boost)  
  158  11:59  Zealot x3  
  158  12:00  Probe  
  167  12:02  Probe  
  167  12:08  Probe  
  169  12:10  Zealot, High Templar x2  
  169  12:12  Shield Battery  
  169  12:15  Pylon  
  175  12:18  Archon  
  175  12:21  Probe  
  176  12:26  Probe  
  176  12:28  Disruptor (Chrono Boost)  
  180  12:31  Protoss Ground Armor Level 1 (Chrono Boost), Pylon  
  180  12:34  Pylon  
  180  12:35  Disruptor (Chrono Boost)  
  181  12:39  Zealot x5  
  191  12:51  Probe  
  191  12:53  Probe  
  191  12:57  Observer  
  194  12:59  Dark Shrine  
  184  13:07  Probe  
  184  13:08  Disruptor  
  184  13:12  Zealot x8  
  196  13:25  Nexus  
  196  13:26  Disruptor  
  193  13:42  Zealot x2  
  193  13:43  Zealot  
  175  14:02  Stalker x5  
  150  14:03  Stalker x3  
  144  14:10  Disruptor (Chrono Boost)  
  120  14:18  Disruptor (Chrono Boost)  
  120  14:22  Probe  
  113  14:24  Pylon  
  113  14:27  Sentry, Zealot x2  
  119  14:35  Zealot x2  
  119  14:36  Disruptor (Chrono Boost)  
  123  14:40  Stalker x2  
  123  14:43  Disruptor (Chrono Boost)  
  123  14:45  Assimilator  
  130  14:46  Assimilator  
  130  14:51  Dark Templar  
  135  14:58  Stalker x4  
  137  15:13  Zealot  
  137  15:14  Zealot x2  
  129  15:18  Zealot x3  
Show
View Real Time Build Order
Export as new Build Order

maru Terran - Winner!

Build Orders: Reaper Expand 

Get SALT Encoding   

  12  0:00  SCV  
  13  0:12  SCV  
  14  0:17  Supply Depot  
  14  0:24  SCV  
  15  0:38  SCV  
  15  0:40  Barracks  
  16  0:44  Refinery  
  16  0:50  SCV  
  17  1:03  SCV  
  18  1:15  SCV  
  19  1:27  Orbital Command, Reaper  
  20  1:39  Command Center  
  20  1:50  Supply Depot  
  21  1:59  Marine  
  22  2:02  Bunker  
  21  2:08  Factory  
  21  2:11  SCV  
  22  2:23  SCV, Marine  
  22  2:25  Bunker  
  24  2:31  Refinery  
  24  2:35  SCV  
  25  2:41  Marine  
  26  2:44  Bunker  
  26  2:49  SCV  
  27  2:54  Factory Tech Lab  
  27  2:59  Marine  
  27  3:05  Orbital Command  
  28  3:12  Cyclone  
  31  3:17  Marine  
  32  3:26  Starport  
  32  3:29  SCV  
  32  3:36  Marine  
  31  3:41  SCV  
  31  3:48  Cyclone  
  36  3:50  Orbital Command  
  35  3:56  SCV  
  36  4:04  Viking  
  36  4:08  SCV  
  39  4:20  Cyclone, SCV  
  42  4:26  Supply Depot x2  
  38  4:46  Viking  
  35  4:55  Cyclone  
  35  4:59  SCV x2  
  40  5:02  Barracks Reactor  
  40  5:08  Supply Depot  
  40  5:16  Barracks  
  40  5:18  Viking  
  42  5:21  SCV  
  43  5:30  Cyclone  
  46  5:38  Marine x2  
  46  5:40  SCV x2  
  50  5:50  Orbital Command  
  50  5:54  SCV  
  50  5:55  Viking  
  50  5:56  Supply Depot, Marine  
  54  6:03  Supply Depot  
  54  6:04  Barracks Tech Lab  
  54  6:17  SCV x2, Marine  
  60  6:25  Stimpack  
  60  6:28  Supply Depot  
  60  6:29  SCV  
  60  6:30  SCV  
  62  6:33  Starport Tech Lab  
  62  6:42  SCV  
  62  6:43  SCV  
  62  6:45  Command Center  
  64  6:48  Siege Tank  
  64  6:54  SCV  
  64  6:55  SCV  
  64  6:59  Barracks  
  66  7:02  Refinery  
  66  7:07  SCV x2  
  68  7:10  Engineering Bay, Raven  
  68  7:11  Engineering Bay  
  70  7:17  Marine x3  
  70  7:19  SCV x2  
  75  7:28  Supply Depot  
  75  7:29  Supply Depot  
  75  7:31  SCV  
  75  7:35  SCV  
  77  7:37  Terran Infantry Armor Level 1, Terran Infantry Weapons Level 1  
  77  7:39  Missile Turret, Refinery  
  77  7:43  SCV  
  78  7:49  SCV  
  78  7:54  Marine x2  
  78  7:55  Marauder x2, SCV  
  85  8:02  SCV  
  85  8:03  Orbital Command  
  86  8:05  Combat Shield  
  86  8:11  Barracks  
  86  8:12  Missile Turret, Barracks  
  86  8:13  Missile Turret, Starport Reactor  
  86  8:15  SCV x2  
  86  8:19  Siege Tank  
  91  8:25  Concussive Shells  
  91  8:27  Orbital Command  
  91  8:31  Marine  
  91  8:32  Marauder x2, Marine  
  97  8:35  SCV x2  
  97  8:37  Supply Depot  
  99  8:41  Supply Depot  
  99  8:47  SCV x2  
  101  8:50  Medivac x2  
  101  8:51  Missile Turret  
  101  8:53  SCV  
  106  8:58  Supply Depot  
  106  8:59  Supply Depot, Barracks Tech Lab  
  106  9:00  Barracks Reactor  
  106  9:01  Marauder, Marine x2  
  106  9:02  Marauder  
  112  9:04  SCV  
  112  9:05  SCV  
  114  9:12  Siege Tank  
  114  9:13  SCV  
  114  9:16  SCV  
  114  9:17  SCV  
  120  9:18  Refinery x2  
  120  9:21  Armory  
  120  9:25  SCV  
  120  9:27  Viking  
  120  9:29  SCV x2  
  120  9:30  Viking  
  127  9:32  Marauder, Marine  
  127  9:37  SCV  
  131  9:41  SCV x2  
  133  9:50  SCV  
  134  9:53  SCV x2  
  134  9:58  Viking  
  138  10:00  Viking  
  138  10:07  Supply Depot  
  138  10:10  Supply Depot, Terran Infantry Weapons Level 2  
  138  10:11  Supply Depot  
  138  10:15  Command Center  
  138  10:17  Terran Infantry Armor Level 2  
  138  10:20  Ghost Academy  
  138  10:22  Supply Depot  
  138  10:23  Siege Tank  
  141  10:29  Terran Ship Weapons Level 1  
  141  10:32  Supply Depot  
  141  10:36  Viking x2  
  141  10:41  Marine x4  
  149  10:51  Ghost x2  
  150  11:08  Ghost, Marine  
  150  11:09  Marine x3  
  156  11:13  SCV x3  
  158  11:20  Ghost  
  158  11:25  SCV x3  
  162  11:27  Ghost, Marine x2  
  162  11:28  Enhanced Shockwaves, Marine  
  168  11:37  SCV x2  
  168  11:38  SCV  
  168  11:39  Planetary Fortress  
  171  11:41  Missile Turret  
  171  11:42  Ghost  
  171  11:43  Marine  
  171  11:45  Marine x2  
  176  11:49  SCV x2  
  176  11:50  SCV  
  173  12:01  SCV  
  173  12:02  SCV x2  
  173  12:08  Command Center, Ghost  
  178  12:14  SCV x3  
  178  12:15  Ghost x2  
  181  12:16  Marine x3  
  188  12:24  Refinery  
  188  12:25  Refinery  
  188  12:26  Terran Ship Weapons Level 2, SCV x2  
  190  12:30  Marine  
  190  12:34  Marine x2  
  190  12:36  Barracks  
  195  12:37  Marauder  
  195  12:52  Marauder  
  195  12:53  Marine  
  195  12:54  Marine  
  195  12:55  Marine  
  195  12:57  Marine  
  195  12:58  Marauder  
  196  13:00  Marauder  
  184  13:11  SCV x3, Marine  
  184  13:12  Marine  
  184  13:13  Marauder, Marine  
  184  13:16  Marine  
  184  13:19  Marauder  
  188  13:21  Marauder  
  188  13:22  SCV  
  188  13:23  Medivac, SCV  
  188  13:24  Barracks Tech Lab  
  188  13:25  SCV x2  
  196  13:29  Marine  
  196  13:30  Marine  
  198  13:35  Marauder  
  198  13:39  SCV  
  161  13:55  Ghost  
  161  13:56  Marine  
  161  13:57  Marauder x2  
  161  13:59  Medivac x2  
  161  14:01  Marine x3  
  161  14:02  Marauder  
  129  14:14  Marine  
  118  14:18  Marauder x2  
  118  14:19  Marine x3  
  118  14:23  Marauder  
  126  14:24  Planetary Fortress  
  126  14:25  Marauder  
  126  14:26  SCV x3  
  126  14:28  Medivac  
  126  14:29  Medivac  
  135  14:32  Starport, Marine  
  135  14:36  Barracks  
  135  14:37  Marine x2  
  138  14:38  Barracks  
  138  14:40  Marauder x2  
  138  14:44  Marauder, SCV x4  
  148  14:46  Marauder  
  148  14:50  Marine  
  151  14:56  SCV  
  151  14:58  Medivac, Marine x2  
  156  15:01  Marauder x2  
  155  15:07  Marine  
  155  15:11  Marine  
Tags
 
Add a new tag
Caveats
  • Supply blocks, unpowered buildings, or Contaminate may cause inaccurate times.
  • Supply counts are checked every 10 seconds.